3073 views
Uploaded 2020-12-08 11:41:45
Game version 1.32.9
5:28 long 1on1 custom game on (2)Amazonia
Game name "w3c-20-h6I-OR87l"
Saved by GenGaR
3073 views
Uploaded 2020-12-08 11:41:45
Game version 1.32.9
5:28 long 1on1 custom game on (2)Amazonia
Game name "w3c-20-h6I-OR87l"

/ 0k
11 buildings @ 1.2k
/ 0.3k

| Peasant | 15 | 1125 | / | 0 |
| Footman | 8 | 1080 | / | 0 |
| total: | 23 | 2205g | / | 0w |
| Scout Tower | 2 | 60 | / | 40 |
| Arcane Tower | 2 | 140 | / | 100 |
| Altar of Kings | 2 | 360 | / | 100 |
| Farm | 4 | 320 | / | 80 |
| Barracks | 1 | 160 | / | 60 |
| Arcane Vault | 2 | 260 | / | 60 |
| Keep | 1 | 320 | / | 210 |
| total: | 11 | 1160g | / | 340w |
| 0:01 | Altar of Kings |
| 0:02 | Peasant |
| 0:02 | Peasant |
| 0:05 | Altar of Kings |
| 0:10 | Peasant |
| 0:18 | Farm |
| 0:21 | Barracks |
| 0:23 | Peasant |
| 0:30 | Peasant |
| 0:39 | Peasant |
| 0:53 | Farm |
| 1:03 | Peasant |
| 1:12 | Peasant |
| 1:23 | Footman |
| 1:27 | Farm |
| 1:40 | Footman |
| 1:40 | Footman |
| 1:40 | Footman |
| 1:47 | Peasant |
| 2:13 | Summon Water Elemental |
| 2:18 | Footman |
| 2:23 | Scout Tower |
| 2:29 | Footman |
| 2:30 | Peasant |
| 2:46 | Peasant |
| 2:57 | Footman |
| 3:06 | Farm |
| 3:09 | Arcane Tower |
| 3:09 | Peasant |
| 3:28 | Footman |
| 3:31 | Brilliance Aura |
| 3:32 | Peasant |
| 3:35 | Scout Tower |
| 3:40 | Peasant |
| 4:02 | Arcane Tower |
| 4:03 | Peasant |
| 4:20 | Summon Water Elemental |
| 4:23 | Keep |
| 4:32 | Arcane Vault |
| 4:36 | Arcane Vault |
| Select group | 459 |
| Right click | 381 |
| Select | 178 |
| Chat | 124 |
| Misc. action | 64 |
| Build/train/purchase | 46 |
| Assign group | 31 |
| Use ability | 7 |
17 units @ 1.7k
/ 0k
9 buildings @ 0.9k
/ 0.3k

| Scroll of Regeneration | 1 | 100 |
| total: | 1 | 100g |
| Peasant | 10 | 750 | / | 0 |
| Footman | 7 | 945 | / | 0 |
| total: | 17 | 1695g | / | 0w |
| Scout Tower | 1 | 30 | / | 20 |
| Arcane Tower | 1 | 70 | / | 50 |
| Altar of Kings | 1 | 180 | / | 50 |
| Barracks | 1 | 160 | / | 60 |
| Farm | 5 | 400 | / | 100 |
| Arcane Vault | 1 | 130 | / | 30 |
| Keep | 1 | 320 | / | 210 |
| total: | 9 | 900g | / | 260w |
| 0:01 | Peasant |
| 0:01 | Peasant |
| 0:10 | Altar of Kings |
| 0:18 | Barracks |
| 0:23 | Peasant |
| 0:32 | Farm |
| 0:34 | Peasant |
| 0:43 | Peasant |
| 0:47 | Peasant |
| 0:53 | Farm |
| 0:56 | Peasant |
| 1:03 | Peasant |
| 1:18 | Peasant |
| 1:19 | Footman |
| 1:32 | Footman |
| 1:40 | Peasant |
| 1:49 | Farm |
| 1:53 | Scout Tower |
| 2:04 | Footman |
| 2:08 | Flame Strike |
| 2:24 | Arcane Tower |
| 3:00 | Arcane Vault |
| 3:02 | Footman |
| 3:11 | Footman |
| 3:34 | Footman |
| 3:38 | Keep |
| 3:52 | Siphon Mana |
| 4:07 | Scroll of Regeneration |
| 4:18 | Footman |
| 4:20 | Farm |
| 5:12 | Farm |
| Select group | 280 |
| Right click | 224 |
| Chat | 140 |
| Select | 120 |
| Build/train/purchase | 37 |
| Misc. action | 19 |
| Assign group | 17 |
| Use ability | 9 |
| Remove unit | 2 |
โ